Cogmind - Beta 16.1 @@@ ROGUE MODE // 2026.03.10 @ 01:31:48 Player: TheSkyeDoctor Result: Destroyed by H-55 Commando with Assault Rifle Performance ------------- Evolutions (2) 1000 Regions Visited (3) 600 Robots Destroyed (36) 180 Value Destroyed (855) 855 Prototype IDs (0) 0 Alien Tech Used (0) 0 Bonus (0) 0 TOTAL SCORE: 2635 Bonus ------- None Cogmind --------- Core Integrity 0/550 Matter 50/300 Energy 89/100 System Corruption 0% Temperature Cool (0) Movement Flying (32) Location -8/Materials Parts ------- > --- POWER (1) -------- (None) > --- PROPULSION (3) --- Cesium-ion Thruster Cesium-ion Thruster > --- UTILITY (4) ------ Hacking Suite > --- WEAPON (3) ------- Heavy Hammer > --- INVENTORY (5) ---- Light Ion Engine Improved Heat Sink Improved Terrain Scanner Targeting Computer Hacking Suite Peak State ------------ > --- POWER ------------ Light Ion Engine > --- PROPULSION ------- Wheel Compact Wheel > --- UTILITY ---------- Huge Storage Unit Seismic Detector Light Armor Plating Hacking Suite > --- WEAPON ----------- Assault Rifle Rocket Launcher Heavy Hammer > --- INVENTORY -------- Light Ion Engine Light Treads Improved Heat Sink Improved Terrain Scanner Targeting Computer Hacking Suite Grenade Launcher Mining Claw [Rating: 15] Favorites ----------- Power Ion Engine Engine Ion Engine Propulsion Light Treads Treads Light Treads Wheel Wheel Flight Unit Cesium-ion Thruster Utility Seismic Detector Device Seismic Detector Storage Huge Storage Unit Hackware Hacking Suite Protection Light Armor Plating Weapon Light Cannon Energy Gun Medium Laser Ballistic Gun Assault Rifle Ballistic Cannon Light Cannon Launcher Rocket Launcher Impact Weapon Heavy Hammer Build | -11 -10 -9 -8 ------- Run | Yrd Mat Mat Mat Slots Evolved 4 | . . 2 2 Power . | . . . . Propulsion 1 | . . . 1 Utility 2 | . . 2 . Weapon 1 | . . . 1 Parts Attached 22 | 7 1 9 5 Power 2 | 1 . 1 . Engine 2 | 1 . 1 . Core . | . . . . Reactor . | . . . . Propulsion 6 | 2 . 2 2 Treads 2 | 2 . . . Leg . | . . . . Wheel 2 | . . 2 . Hover . | . . . . Flight 2 | . . . 2 Utility 7 | 2 1 3 1 Device 1 | 1 . . . Storage 2 | 1 1 . . Processor . | . . . . Hackware 1 | . . 1 . Protection 3 | . . 2 1 Artifact . | . . . . Weapon 7 | 2 . 3 2 Energy Gun 1 | 1 . . . Energy Cannon . | . . . . Ballistic Gun 1 | 1 . . . Ballistic Cannon 2 | . . 2 . Launcher 2 | . . . 2 Special Weapon . | . . . . Impact Weapon 1 | . . 1 . Slashing Weapon . | . . . . Piercing Weapon . | . . . . Special Melee Weapon . | . . . . Unidentified Prototypes . | . . . . Parts Lost 16 | . . 6 10 Power 2 | . . 1 1 Propulsion 4 | . . 2 2 Utility 4 | . . 1 3 Weapon 6 | . . 2 4 Highest Loss Streak 10 | . . 3 10 To Critical Strikes 1 | . . . 1 Average Backups 7 | 2 8 8 7 Power . | . 1 . 1 Propulsion 1 | 1 2 1 . Utility 1 | . 2 1 3 Weapon 3 | . 2 3 1 Tool/Special . | . . . . Unused Backups 7 | . . . 7 Power 1 | . . . 1 Propulsion 1 | . . . 1 Utility 4 | . . . 4 Weapon 1 | . . . 1 Tool/Special . | . . . . Average Slot Usage (%) 89 | . 100 89 55 Engine 11 | . 14 10 3 Treads 15 | . 28 12 . Wheel 2 | . . 2 9 Device 11 | . 14 11 5 Storage 11 | . 14 11 6 Hackware 6 | . . 8 9 Protection 7 | . . 10 2 Energy Gun 5 | . 14 2 . Ballistic Gun 3 | . 14 . 3 Ballistic Cannon 12 | . . 18 2 Impact Weapon 1 | . . 1 9 Peak Build Rating 15 | 7 8 13 15 Average Rating 9 | 5 7 10 10 On Entrance 7 | . 7 8 13 Avg Prop Armor Cover (%) 8 | . . 8 . Naked Turns . | . . . . Heaviest Build 95 | 15 90 95 95 Greatest Support 40 | 40 40 40 26 Greatest Overweight (x) 28 | 2 2 9 28 Average Overweight (x) 2 | . . 3 1 Largest Inventory Capacity 25 | 8 25 25 25 Average Capacity 21 | 7 17 25 19 Most Carried 10 | 4 10 10 10 Average Carried 7 | 2 8 8 7 Final Capacity 25 | 8 25 25 5 Final Carried 10 | 4 10 9 5 Class Distribution -------------------- 100% | Mutant Dominant Class ---------------- Mutant | -10/Materials Mutant | -9/Materials Mutant | -8/Materials Resources | -11 -10 -9 -8 ----------- Run | Yrd Mat Mat Mat Matter Collected 704 | 294 67 281 62 Remotely . | . . . . Salvage Created 795 | 87 177 400 131 Parts 60 | 8 13 29 10 Haulers Intercepted . | . . . . Recyclers Shooed 3 | 1 . 2 . Parts Field Recycled . | . . . . Retrieved Matter . | . . . . Parts Self-Destructed . | . . . . Prevented . | . . . . Parts Restored . | . . . . Kills | -11 -10 -9 -8 ------- Run | Yrd Mat Mat Mat Combat Hostiles Destroyed 24 | . 5 14 5 Melee 3 | . . 2 1 Guns 6 | . 5 . 1 Cannons 12 | . . 12 . AOE 3 | . . . 3 Classes Destroyed 10 | 2 3 3 2 Worker 2 | . . 1 1 Builder 2 | . . . 2 Tunneler 2 | 2 . . . Recycler 2 | 1 . 1 . Operator 1 | . . 1 . Watcher 3 | . 2 1 . Swarmer 9 | . 3 6 . Grunt 8 | . 2 4 2 Sentry 5 | . . 4 1 Hunter 2 | . . . 2 Best Kill Streak 6 | 2 4 3 6 Combat Bots Only 3 | . 2 3 3 Max Kills in Single Turn 1 | 1 1 1 1 Gunslinging . | . . . . Exploded 1 | . . . 1 Melee 1 | . . 1 1 Uniques/NPCs Destroyed . | . . . . Combat | -11 -10 -9 -8 -------- Run | Yrd Mat Mat Mat Hostile Shots Fired 263 | . 27 106 130 Missed 86 | . 6 34 46 Hits 177 | . 21 72 84 Projectile 177 | . 21 72 84 Critical Strikes 4 | . . 2 2 Damage Taken 2265 | . 202 792 1271 Core 702 | . 25 118 559 Absorbed by Shields . | . . . . Core Remaining (%) 86 | 100 90 70 . Volleys Fired 99 | 8 20 49 22 Largest 2 | 2 2 2 2 Hottest 80 | 70 70 80 53 Shots Fired 178 | 16 38 92 32 Gun 81 | 16 38 17 10 Cannon 82 | . . 75 7 Launcher 15 | . . . 15 Special . | . . . . Kinetic 119 | 8 19 75 17 Thermal 44 | 8 19 17 . Explosive 15 | . . . 15 Electromagnetic . | . . . . Robot Hit Streak 11 | 3 6 11 6 Robot Miss Streak 4 | 3 4 3 2 Penetration Max . | . . . . Secondary Targets . | . . . . Shots Hit Robots 117 | 9 23 61 24 Core Hits 53 | 4 9 21 19 Critical Kills . | . . . . Critical Parts Destroyed . | . . . . Critical Strikes 3 | . 2 1 . Burn 2 | . 2 . . Blast 1 | . . 1 . Melee Attacks 9 | . . 3 6 Impact 9 | . . 3 6 Slashing . | . . . . Piercing . | . . . . Sneak Attacks 2 | . . . 2 Combat Hostiles . | . . . . Follow-up Attacks . | . . . . Damage Inflicted 2513 | 114 288 1122 989 Guns 575 | 114 288 127 46 Cannons 951 | . . 866 85 Explosions 624 | . . . 624 Melee 363 | . . 129 234 Ramming . | . . . . Kinetic 1210 | 64 149 866 131 Thermal 316 | 50 139 127 . Explosive 624 | . . . 624 Electromagnetic . | . . . . Impact 363 | . . 129 234 Slashing . | . . . . Piercing . | . . . . Highest Corruption 2 | . 2 . . Average Corruption 1 | . 1 . . Corruption Purged . | . . . . Corruption Blocked . | . . . . Effects 8 | . 8 . . Message Errors 4 | . 4 . . Energy Discharges 2 | . 2 . . Weapon Failures 2 | . 2 . . Overload Shots . | . . . . Overflow Damage 89 | . . 36 53 Projectiles . | . . . . Explosions . | . . . . Melee 89 | . . 36 53 Knockbacks 6 | . . 4 2 Impact 1 | . . . 1 Kinetic 5 | . . 4 1 Secondary . | . . . . Self-Inflicted Damage . | . . . . Shots . | . . . . Rammed . | . . . . Targets Rammed . | . . . . Kicked . | . . . . Crushed . | . . . . Highest Temperature 186 | 63 159 186 11 Average Temperature 50 | 29 56 57 4 Received Heat Transfer 438 | . 72 213 153 Siege Activations . | . . . . Martial Activations . | . . . . Shielding Activations . | . . . . Robots Disrupted . | . . . . Combat Hostiles . | . . . . Robots Corrupted 2 | . . . 2 Combat Hostiles . | . . . . Parts Fried 4 | . . . 4 Impact Corruptions 4 | . . 1 3 Robots Melted . | . . . . Combat Hostiles . | . . . . Parts Melted 1 | . 1 . . Heat Transferred 1073 | 148 555 370 . Parts Sabotaged . | . . . . Parts Stolen . | . . . . Parts Stripped . | . . . . Power Chain Reactions . | . . . . Alert | -11 -10 -9 -8 ------- Run | Yrd Mat Mat Mat Maximum Alert Level . | . . . . Low Security (%) 100 | 100 100 100 100 Level 1 . | . . . . Level 2 . | . . . . Level 3 . | . . . . Level 4 . | . . . . Level 5 . | . . . . High Security . | . . . . Max Security . | . . . . Peak Influence 111 | 10 57 102 111 Initial 37 | . . . 37 Average 24 | 1 13 27 62 Influence Increases 832 | 15 125 448 244 Destroy 0b10 Robot/C 480 | . 100 280 100 Destroy 0b10 Robot/NC 60 | 15 10 20 15 Destroy Leader 126 | . 14 72 40 Successful Hack 14 | . . 14 . Disable Machine 45 | . . 30 15 Destroy Structure 62 | . 1 2 59 Lose Combat Pursuer 45 | . . 30 15 Influence Decreases 721 | 15 125 358 223 Entered New Map 53 | . . . 53 Time Decay 508 | 15 125 298 70 Lost Part 160 | . . 60 100 Squads Dispatched 4 | . . 1 3 Investigation 1 | . . . 1 Extermination . | . . . . Reinforcement 3 | . . 1 2 Assault . | . . . . Garrison . | . . . . Intercept . | . . . . Searches Triggered . | . . . . Construction Impeded 1 | . . . 1 Haulers Reinforced . | . . . . Active Scanning Responses . | . . . . Cargo Convoy Interrupts . | . . . . Stealth | -11 -10 -9 -8 --------- Run | Yrd Mat Mat Mat Distress Signals 5 | . 1 2 2 Communications Jammed . | . . . . Distress Signals . | . . . . Times Spotted 40 | . 7 22 11 Peak Tracking Total 9 | . 4 5 9 Tactical Retreats 3 | . . 2 1 Traps | -11 -10 -9 -8 ------- Run | Yrd Mat Mat Mat Traps Triggered 3 | . 2 . 1 Indirectly . | . . . . Trap Hack Attempts . | . . . . Triggered . | . . . . Disarmed . | . . . . Reprogrammed . | . . . . Reused . | . . . . Traps Extracted . | . . . . Installed . | . . . . Triggered . | . . . . Machines | -11 -10 -9 -8 ---------- Run | Yrd Mat Mat Mat Machines Disabled 3 | . . 2 1 Max in Single Turn 1 | . . 1 1 Machines Repaired . | . . . . Machines Dismantled . | . . . . Machines Sabotaged . | . . . . Overloaded Fab Kills . | . . . . Hacking | -11 -10 -9 -8 --------- Run | Yrd Mat Mat Mat Machines Accessed 4 | . 2 2 . Terminals 3 | . 1 2 . Fabricators . | . . . . Repair Stations . | . . . . Recycling Units 1 | . 1 . . Scanalyzers . | . . . . Garrison Access . | . . . . Total Hacks 8 | . 3 5 . Successful 3 | . . 3 . Failed 5 | . 3 2 . Catastrophic 2 | . 1 1 . Database Lockouts . | . . . . Manual 6 | . 1 5 . Terminals 6 | . 1 5 . Fabricators . | . . . . Repair Stations . | . . . . Recycling Units 2 | . 2 . . Scanalyzers . | . . . . Garrison Access . | . . . . Terminal Hacks 1 | . . 1 . Branch Access Points 1 | . . 1 . Fabricator Hacks . | . . . . Repair Station Hacks . | . . . . Recycling Unit Hacks . | . . . . Scanalyzer . | . . . . Garrison Access Hacks . | . . . . Unauthorized Hacks 2 | . . 2 . Terminals 2 | . . 2 . Assimilate 1 | . . 1 . Botnet 1 | . . 1 . Fabricators . | . . . . Repair Stations . | . . . . Recycling Units . | . . . . Scanalyzers . | . . . . Garrison Access . | . . . . Data Cores Recovered . | . . . . Used . | . . . . Hacking Detections 3 | . 2 1 . Full Trace Events . | . . . . Feedback Events . | . . . . Feedback Blocked . | . . . . Robot Schematics Acquired . | . . . . Robots Built . | . . . . Authchips . | . . . . Time . | . . . . Total Robot Build Rating . | . . . . Part Schematics Acquired . | . . . . Parts Built . | . . . . Authchips . | . . . . Time . | . . . . Total Part Build Rating . | . . . . Part Studies Acquired . | . . . . Parts Repaired . | . . . . Time . | . . . . Parts Recycled . | . . . . Recycled Matter . | . . . . Retrieved Matter . | . . . . Retrieved Components . | . . . . Parts Scanalyzed . | . . . . Part Schematics Acquired . | . . . . Parts Damaged . | . . . . Bothacking | -11 -10 -9 -8 ------------ Run | Yrd Mat Mat Mat Used RIF Installer . | . . . . Robots Hacked . | . . . . Non-combat . | . . . . Combat . | . . . . Robot Hacks Applied . | . . . . Relay Couplers Released . | . . . . Fabnet Peak Effective % . | . . . . Robots Rewired . | . . . . Allies Hacked . | . . . . Hacks Repelled . | . . . . Allies | -11 -10 -9 -8 -------- Run | Yrd Mat Mat Mat Total Allies . | . . . . Largest Group . | . . . . Highest-Rated Group . | . . . . Highest-Rated Ally . | . . . . Total Orders . | . . . . Ally Attacks . | . . . . Total Damage . | . . . . Kills . | . . . . Allies Corrupted . | . . . . Allies Melted . | . . . . Intel | -11 -10 -9 -8 ------- Run | Yrd Mat Mat Mat Active Infowar (turns) 1903 | 33 497 1291 82 Seismic 1903 | 33 497 1291 82 Robot Analysis Total . | . . . . Derelict Logs Recovered . | . . . . Drone Launches . | . . . . Drone Recoveries . | . . . . Exploration | -11 -10 -9 -8 ------------- Run | Yrd Mat Mat Mat Turns Passed 2072 | 130 497 1291 154 Spaces Moved 661 | 64 195 312 90 Core 63 | 14 . . 49 Treads 475 | 50 195 230 . Legs . | . . . . Wheels 104 | . . 82 22 Hover . | . . . . Flight 19 | . . . 19 Fastest Speed 32 | 50 160 135 32 Average Speed 258 | 144 221 355 83 Slowest Speed 1450 | 160 320 480 1450 Overloaded Moves . | . . . . Propulsion Burnouts . | . . . . Robots Hopped . | . . . . Potential Cave-ins . | . . . . Cave-ins Triggered . | . . . . Exploration Rate (%) 22 | 4 38 32 17 Regions Visited 3 Branch Regions . Pre-discovered Areas . | . . . . Known Exits Taken . | . . . . Unknown Exits Taken 3 | 1 1 1 . Scrap Searched . | . . . . Spaces Dug . | . . . . Terrain Destroyed 69 | . . . 69 Melee . | . . . . Projectile . | . . . . AOE 69 | . . . 69 Terrain Rammed . | . . . . Walls Destroyed . | . . . . Machines Disabled . | . . . . Actions | -11 -10 -9 -8 --------- Run | Yrd Mat Mat Mat Total 828 | 83 221 397 127 Wait 16 | . . 16 . Move 658 | 63 194 311 90 Hop . | . . . . Pick Up 21 | 5 6 8 2 Fast Attach 8 | 6 . . 2 Attach 13 | 1 . 8 4 Detach . | . . . . Swap 2 | . 1 1 . Drop 2 | . . 1 1 Fire 99 | 8 20 49 22 Melee 9 | . . 3 6 Ram . | . . . . Kick . | . . . . Crush . | . . . . Escape Stasis . | . . . . Rewire . | . . . . Trap . | . . . . Miscellaneous . | . . . . Route ------- -11/Scrapyard -10/Materials (discovered 2 exits: *Mat / [*Min]) -9/Materials (discovered 3 exits: [*Mat] / Min x2) -8/Materials History --------- Turn | Location | Event 14 | -11/Scrapyard | Discovered new exit (range 15) 131 | -11/Scrapyard | Entered Materials 303 | -10/Materials | Build established: Mutant 371 | -10/Materials | Discovered new exit (range 13) 615 | -10/Materials | Discovered new exit (range 3) 628 | -10/Materials | Entered another Materials area 628 | -9/Materials | Evolved 2 slots: Utility x2 844 | -9/Materials | Identified exit to Mines 1847 | -9/Materials | Lost 3 parts (1p1n1w) 1887 | -9/Materials | Discovered new exit (range 16) 1919 | -9/Materials | Entered another Materials area 1919 | -8/Materials | Evolved 2 slots: Propulsion x1, Weapon x1 2025 | -8/Materials | Core integrity fell below 50% 2034 | -8/Materials | Core integrity fell below 20% 2049 | -8/Materials | Lost 10 parts (1p2n3u4w) 2073 | -8/Materials | Destroyed by H-55 Commando with Assault Rifle Last Messages --------------- 02045_ K-01 Serf cleans the Fusion Modulator. 02050_ Sneak attack on K-01 Serf. 02050_ Destroyed Wheel. 02050_ K-01 Serf system corrupted by crushing effect. 02051_ K-01 Serf system terminally corrupted. 02051_ Med. Matter Pod fried. 02051_ Wheel fried. 02054_ Acquired 12 matter. 02058_ Acquired Cesium-ion Thruster. 02058_ ALERT: Hostiles spotted, dispatching reinforcements to Terminal M003. 02060_ Acquired Cesium-ion Thruster. 02066_ Slug penetrates Wall. 02066_ H-55 Commando destroyed. 02069_ Acquired 50 matter. 02070_ Slug penetrates Wall. 02071_ R-06 Scavenger collects Gauss Rifle. 02073_ Slug penetrates Fusion Modulator. Map ----- +----------------------------------------------------+ | ?????????????????????????????????????#### | | ???????????????????????????????? | | ?????????????????????????????????????### # ## | | ????????????????????????????????????## # # | | ????????????????????????????????????# | | ????????????????????????????????????# | | ?????????????????????????????????????# ! | | ?????????????????????????????????????# ! | | ????????????????????????? ?????????# # % | | ????????????????????????# ???######?# # | | ????????????????????????# ??##!!!!##?#+#???# =# | | ????????????????????????# #?#! !#?# #??## !# | | ????????????????????????# #?# #?# #?## / | | ????????????????????????# ### ### ### * | | ????????????????????????# !%# | | ????????????????????????# =# | | ????????????????????????# "T" | | ?????????????????????????# ! | | ?????????????????????????# | | ?????????????????????????# """" ]]= !!! # | | ????????????????????????## """" ]]= !!! # | | ????????????????######### """" ]== !! # | | ????????????????? a + | | ???????????????????????## h # | | ?????????????????#########h################ ## | | ?????????????????#! [ [@r #???????????# #? | | ?????????????????#= [ """ """ #???????????# #? | | ?????????????????#=[ """!""" #???????????# #? | | ?????????????????# """ """ #???????????# #? | | ?????????????????# ] #???????????# #? | | ?????????????????##############???????????? #? | | ??????????????????????????????????????????? #? | | ??????????????????????????????????????????? #? | | ???????????????????????????????????????????? ???? | | ?????????????????????????????????????????????????? | | ?????????????????????????????????????????????????? | | ?????????????????????????????????????????????????? | | ?????????????????????????????????????????????????? | | ?????????????????????????????????????????????????? | | ?????????????????????????????????????????????????? | | ?????????????????????????????????????????????????? | | ?????????????????????????????????????????????????? | | ?????????????????????????????????????????????????? | | ?????????????????????????????????????????????????? | | ?????????????????????????????????????????????????? | | ?????????????????????????????????????????????????? | | ?????????????????????????????????????????????????? | | ?????????????????????????????????????????????????? | | ?????????????????????????????????????????????????? | | ?????????????????????????????????????????????????? | +----------------------------------------------------+ Best States ------------- Heat Dissipation 31 Energy Generation 10 Energy Capacity 250 Matter Stores 300 Matter Capacity 300 Sight Range 16 Terrain Scan Density 10 Armor Coverage 150 Evasion (%) 50 Recoil Reduction 2 Offensive Hacking 10 Item Schematics ----------------- None Robot Schematics ------------------ None Fabricated ------------ Nothing Repaired ---------- Nothing Studied --------- None Alien Tech Used ----------------- None Achievements -------------- None Challenges ------------ None Game ------ Seed HackingAssemblyNanosword Manual? 0 Play Time 00:12:51 Cumulative 59.0 hours Start 2026.03.10 @ 01:21:45 End 2026.03.10 @ 01:31:48 Sessions 1 Manual Loads 0 Difficulty Rogue Special Mode None Game No. 136 Rogue 136 Adventurer 0 Explorer 0 Win Type - Total 0 Types 0/0/0/0/0/0/0/0/0/0 Lore% 35 Gallery% 41 Achievement% 33 Wizard Run 0 Options --------- Layout 2 ASCII 0 Keyboard 1 Movement Arrows Keybinds 0 Fullscreen 1 Font 24/Smallcaps Map View 50x44 Zoom Use 0% Tactical HUD 1 Map Filters NONE Filters NONE Steam 1 RUN: a65f69e2-749e-44b6-bc1c-b6e4097d52cf